[Event "DFMM-LV 2023"]
[Site "Braunfels"]
[Date "2023.06.10"]
[Round "4.9"]
[White "Birkholz, Olga"]
[Black "Li, Zhuoling"]
[Result "0-1"]
[Annotator "TA"]
[ECO "A45"]
[WhiteElo "2005"]
[BlackElo "2216"]
[PlyCount "110"]
[EventDate "2023.06.09"]
[EventType "team-tourn"]
[EventCountry "GER"]
[SourceTitle "playchess.com"]
[Source "ChessBase"]
[SourceQuality "1"]
[TimeControl "40/5400+30:1800+30"]

1. d4 Nf6 2. Bf4 g6 3. e3 Bg7 4. c3 O-O 5. Nd2 d6 6. Be2 {[%emt 0:01:54] A45: Trompowsky Attack.} Nbd7 7. g4 {[%emt 0:03:04] [#]} ({Better is} 7. Ngf3 $11) 7... c5 $146 ({Predecessor:} 7... e5 8. Bg3 Re8 9. h4 exd4 10. cxd4 Nb6 11. h5 g5 12. h6 Bh8 13. Nh3 Ne4 14. Nxe4 Rxe4 {1-0 Cassens,E (1829)-Ptitsyn,V (1666) Hamburg-ch Seniors 23rd 2016 (3)}) 8. g5 {[%emt 0:06:23] Black is slightly better.} Nd5 9. Bg3 cxd4 10. cxd4 e5 11. Ngf3 exd4 12. exd4 (12. Bxd6 dxe3 13. Nc4 Bxb2 14. Nxb2 exf2+ 15. Kxf2 Qb6+ 16. Qd4 Qxd6 $17) 12... N7b6 13. h4 Bg4 14. O-O Re8 {[%emt 0:10:04] Prevents Ne4.} 15. Re1 Qd7 16. Qb3 Nc7 17. a4 Rad8 18. a5 Be6 $1 19. Qa3 Nc8 20. Rac1 Bd5 21. Kh2 a6 22. Qc3 Ne6 23. Bf1 Ne7 24. Bh3 Rc8 25. Qa3 Rxc1 (25... Bxd4 $2 26. Rxc8 (26. Qxd6 $2 Qxd6 27. Bxd6 Bxf2 $17) 26... Qxc8 27. Nxd4 $18 (27. Qxd6 Bxb2 28. Ne5 Bxe5 $11)) 26. Rxc1 Nc6 (26... Bxd4 $2 27. Nxd4 (27. Qxd6 Qxd6 28. Bxd6 Bxf2 $17) 27... Rd8 28. Nc4 Bxc4 29. Rxc4 $18) 27. Bxd6 Ncxd4 28. Nxd4 Bxd4 29. Bg3 Qb5 {[%emt 0:02:00] Inhibits Nc4.} 30. Qd6 {[%emt 0:09:04] [#]} Rd8 {[%emt 0:07:27] Black is more active.} ({But not} 30... Qxa5 $6 31. Bxe6 fxe6 32. Nb3 $11) (30... Qxb2 $2 31. Qxd5 Bxf2 32. Bxe6 Bxg3+ 33. Kxg3 $18) ({Don't play} 30... Bxb2 $6 31. Rb1 $11) (30... Bg7 $1 $17 {White must now prevent ...Bc6.} 31. Bxe6 Bxe6) 31. Qe7 $11 {[%emt 0:07:40] aiming for Bxe6.} Qd7 (31... Bxb2 $2 32. Bxe6 Qe8 33. Qxe8+ Rxe8 34. Rc2 (34. Bxd5 Bxc1 35. Nb3 Ba3 $18) 34... Rxe6 35. Rxb2 $18) 32. Qxd7 Rxd7 33. Rc8+ Kg7 34. b3 h6 35. Nc4 {[%emt 0:02:04] Threatens to win with Nb6.} hxg5 36. hxg5 {[%emt 0:00:02] Hoping for Nb6.} f5 37. gxf6+ Kxf6 {[%emt 0:00:10] And now ...Rh7 would win.} 38. Kg1 Rh7 39. Bg2 Bxg2 40. Kxg2 Rh5 41. Nd6 {[%emt 0:09:51] Against Rb5} Rxa5 42. Nxb7 Rb5 43. Nd8 Nxd8 44. Rxd8 {[%emt 0:00:03][%mdl 4096] Endgame KRB-KRB} Bb6 45. Rd3 Kf5 46. Kf3 g5 47. Ke2 Ra5 48. f3 Rb5 49. Kd1 Ba5 50. Ke2 Rc5 51. Rd6 $2 (51. Bd6 $11 Rb5 52. Bf8) 51... Bc7 $19 52. Kf2 $2 {[%emt 0:03:31] [#]} (52. Rxa6 $19 Bxg3 53. Kd3) 52... Bxd6 53. Bxd6 Rc2+ 54. Kg3 Rc3 55. b4 g4 {[%emt 0:00:07] Weighted Error Value: White=0.30/Black=0.09 (flawless) .  Loses game:     	White=1     	---        Missed win:     	---       	---        Mistake:       	White=2     	Black=1      Inaccurate:     	White=8     	Black=6      OK:         	White=23    	Black=16     Best:        	White=1     	Black=2      Strong:       	---       	Black=1      Brilliant:      	---       	---} 0-1

[Event "DFMM-LV 2023"]
[Site "Braunfels"]
[Date "2023.06.10"]
[Round "4.10"]
[White "Meier, Annemarie"]
[Black "Stangl, Anita"]
[Result "1/2-1/2"]
[Annotator "TA"]
[ECO "A84"]
[WhiteElo "2258"]
[BlackElo "2009"]
[PlyCount "68"]
[EventDate "2023.06.09"]
[EventType "team-tourn"]
[EventCountry "GER"]
[SourceTitle "playchess.com"]
[Source "ChessBase"]
[SourceQuality "1"]
[TimeControl "40/5400+30:1800+30"]

1. d4 e6 2. c4 d5 3. Nf3 c6 4. e3 Bd6 5. Bd3 f5 6. O-O Nf6 7. b3 O-O 8. Ba3 Ne4 9. Bxd6 Qxd6 10. Qc2 {[%emt 0:05:50] A84: Dutch Defence: 2 c4 Miscellaneous.} Nd7 11. Nc3 Rf6 12. Ne2 {[%emt 0:06:10] White is slightly better.} Rh6 13. g3 {[%emt 0:02:00] [#]} Qe7 $146 ({Predecessor:} 13... a5 14. a3 b6 15. Rfc1 Bb7 16. b4 Kf7 17. c5 bxc5 18. bxc5 Qc7 19. Rab1 Kf6 {1-0 Strutinskaya,G (2317)-Kuznetsova,L (2045) EU-ch Seniors rap (Women) rapid 2013 (8)}) 14. Ne1 (14. h4 $14) 14... Qf7 ({Black should try} 14... Ndf6 $11) 15. f3 Nef6 (15... Qh5 $2 16. Nf4 (16. fxe4 $2 Qxh2#) 16... Qf7 17. cxd5 exd5 18. fxe4 $18) 16. Ng2 g5 17. h4 gxh4 18. gxh4 (18. Nxh4 $16 Kh8 19. Kg2) 18... Nf8 (18... Kh8 $11) 19. Kf2 $14 Bd7 20. Rh1 Ng6 21. Rag1 Nh5 22. Qd2 Qf8 (22... dxc4 $14 23. bxc4 (23. Bxc4 Kh8 $14) 23... Kh8) 23. Ke1 (23. Nef4 $16 {Nxh5 would be deadly.} Ngxf4 24. Nxf4+ Kh8 25. Nxh5 Rxh5 26. f4) 23... Kh8 24. Kd1 e5 25. Rf1 {[%emt 0:07:00] [#]} (25. cxd5 $11 cxd5 26. dxe5 Nxe5 27. Ne1 (27. Ngf4 Nxf3 28. Qc3+ Qf6 $17)) 25... Re8 (25... dxc4 $1 $17 26. Bxc4 f4) 26. e4 (26. cxd5 $11 cxd5 27. Rhg1) 26... exd4 (26... dxc4 $17 27. Bxc4 b5) 27. exf5 $2 (27. exd5 $11 {and White stays safe.} c5 28. Rf2) 27... Ne5 (27... dxc4 $142 28. Bxc4 (28. bxc4 $2 Ne5 $19) 28... Ne5) 28. cxd5 $19 cxd5 $2 (28... Nxd3 $19 29. Qxd3 c5) 29. Ngf4 (29. Rf2 $1 $11) 29... Bxf5 (29... Nxf4 $17 30. Nxf4 Rc6) 30. Bxf5 ({Only move:} 30. Bb5 $1 $15 Nxf4 31. Qxf4) 30... Qxf5 31. Nxh5 {[%emt 0:01:04] [#]} Rxh5 ({Worse is} 31... Qxh5 32. Nxd4 Rf6 33. Kc1 $11) (31... Qb1+ 32. Qc1 Qxa2 33. Nxd4 (33. Qxh6 {is a self mate.} Qxb3+ 34. Kd2 Qd3+ 35. Ke1 Nxf3+ 36. Kf2 Rxe2+ 37. Kg3 Nh2+ 38. Kf4 Qe3+ {[%mdl 64] Skewer} 39. Kf5 Qe5#) 33... Rxh5 34. Re1 $17) (31... Rc6 $1 $19 {( -> ...Qb1+)} 32. Qxd4 (32. Nxd4 Qb1+ 33. Ke2 Ng4+) 32... Qb1+ 33. Kd2 Qxa2+ 34. Ke1 (34. Ke3 $2 Qxb3+ 35. Kf2 Qxf3+ 36. Ke1 Qxh5 $19) 34... Qxb3) 32. Qxd4 $2 (32. Nxd4 $15 Qb1+ 33. Qc1 Qxa2 34. Re1) 32... Qd3+ $2 ({Inferior is} 32... Rc8 33. Nc3 $15) ({Black should play} 32... Qb1+ $19 33. Kd2 Qxa2+ 34. Ke1 Kg8 35. Rfg1+ Ng6) 33. Qxd3 $11 Nxd3 34. Kd2 Rhe5 {[%emt 0:03:18] Weighted Error Value: White=0.64/Black=0.66} 1/2-1/2

[Event "DFMM-LV 2023"]
[Site "Braunfels"]
[Date "2023.06.10"]
[Round "4.11"]
[White "Braun, Kristin"]
[Black "Kostak, Tetyana"]
[Result "1-0"]
[Annotator "TA"]
[ECO "B76"]
[WhiteElo "1875"]
[BlackElo "2117"]
[PlyCount "63"]
[EventDate "2023.06.09"]
[EventType "team-tourn"]
[EventCountry "GER"]
[SourceTitle "playchess.com"]
[Source "ChessBase"]
[SourceQuality "1"]
[TimeControl "40/5400+30:1800+30"]

1. Nf3 c5 2. e4 g6 3. d4 cxd4 4. Nxd4 Nf6 5. Nc3 d6 6. Be3 Bg7 7. f3 O-O 8. Qd2 Nc6 9. g4 {[%emt 0:08:14] White is more active.} Ne5 {[%emt 0:05:08] B76: Sicilian Dragon: Yugoslav Attack, 9 g4 and 9 0-0-0.} 10. h4 {[%emt 0:19:47] [#]} (10. Be2 $16) 10... Bxg4 $146 ({Predecessor:} 10... h5 11. gxh5 Nxh5 12. Rg1 e6 13. O-O-O b5 14. Bxb5 Bd7 15. Be2 Rc8 16. f4 Nc4 17. Bxc4 Rxc4 {1-0 Yan,T (2186)-Wang,S (2075) CHN-chB (Women) 2023 (10)}) 11. fxg4 $16 Nfxg4 {[%emt 0:00:09] White is clearly better.} 12. Be2 (12. h5 $18) 12... Nxe3 13. Qxe3 {[%emt 0:00:07] Strongly threatening h5.} Qb6 $1 {[%emt 0:02:23][%cal Oe5c6] aiming for ...Nc6!} 14. Nd5 ({White should play} 14. Kd2 $14) 14... Qxb2 $11 15. Kd2 e6 {[%emt 0:17:47][%cal Og7h6] Threatens to win with ...Bh6!} 16. Rhb1 {[%emt 0:05:23] [#]} (16. Ne7+ $11 Kh8 17. Rab1 Qxa2 18. h5 gxh5 19. Qg5 Qa5+ 20. Kd1) 16... Nc4+ $1 $17 {[%emt 0:00:17][%mdl 576] Decoy} 17. Bxc4 Qxd4+ 18. Qxd4 Bxd4 19. Ne7+ Kg7 20. c3 Bf6 {[%emt 0:02:42] Black is weak on the light squares} (20... Bb6 $17 {Hoping for ...Rae8.} 21. a4 Rfe8) 21. Rxb7 $11 Rae8 (21... Rfb8 $1 $11 22. Rd7 Rd8) 22. Nc6 $16 Rc8 {[%emt 0:00:08] [#]} 23. Bb5 Rxc6 $2 {[%emt 0:03:21][%mdl 8192] Black cannot hold the game after this.} 24. Bxc6 $18 Rc8 25. Bd7 Rc5 26. Rf1 ({Worse is} 26. Rxa7 Bxc3+ 27. Ke2 Bxa1 $11) 26... Bxc3+ 27. Kd3 f5 28. Bxe6+ Kf6 29. exf5 gxf5 30. Bg8 Be5 31. Rf7+ Kg6 32. Rg1+ {[%emt 0:00:14] An entertaining game by Braun.   Weighted Error Value: White=0.36/Black=0.98} 1-0

[Event "DFMM-LV 2023"]
[Site "Braunfels"]
[Date "2023.06.10"]
[Round "4.12"]
[White "Valkova, Angelika"]
[Black "Dirmeier, Carolin"]
[Result "1/2-1/2"]
[Annotator "TA"]
[ECO "A80"]
[WhiteElo "2062"]
[BlackElo "1941"]
[PlyCount "96"]
[EventDate "2023.06.09"]
[EventType "team-tourn"]
[EventCountry "GER"]
[SourceTitle "playchess.com"]
[Source "ChessBase"]
[SourceQuality "1"]
[TimeControl "40/5400+30:1800+30"]

1. d4 f5 2. Nc3 Nf6 3. Bg5 e6 4. e4 Be7 5. e5 Ng8 (5... Nd5 $14 6. Bxe7 Qxe7) 6. Be3 {[%emt 0:16:27] White has more active pieces. A80: Dutch Defence: Unusual White second moves.} d5 7. g4 {[%emt 0:10:05] [#]} f4 $146 ({Predecessor:} 7... c6 8. Qd2 Qa5 9. h3 Na6 10. Nf3 Bd7 11. Rg1 f4 12. Bxf4 O-O-O 13. Bxa6 Qxa6 14. Bg5 {1-0 Garcia Martinez,S-Pena,G Cardenas/Matanzas/Santa Clara 1968 (14)}) 8. Bxf4 {[%emt 0:01:06] White is better.} c5 9. Nf3 Nc6 10. Qd2 cxd4 11. Nxd4 Qb6 (11... Nh6 $16) 12. Ndb5 (12. Be3 $1 $18 Nxe5 13. Be2) 12... a6 (12... Nh6 $16 {was necessary.}) 13. Na4 (13. Nd6+ $18 Bxd6 14. exd6) 13... Qd8 $16 14. Nd4 $36 {[%emt 0:03:10][%mdl 2048] White has strong initiative.} Bd7 15. a3 ({White should play} 15. O-O-O $14) 15... Rc8 16. Nb3 d4 $2 17. Nac5 (17. Nxd4 $2 Nxd4 18. Qxd4 Bc6 19. Qxd8+ Bxd8 $19) 17... Qb6 (17... Nh6 $142 18. O-O-O (18. Nxb7 Qb6 $16) 18... Nf7) 18. Nxd7 $1 $18 Kxd7 19. O-O-O Ke8 20. Bg2 (20. Nxd4 Rd8 $16) 20... Nh6 21. Bxh6 (21. Nxd4 Nxd4 22. Qxd4 Qxd4 23. Rxd4 Rf8 $18) 21... gxh6 22. Bxc6+ ({Less strong is} 22. Nxd4 Nxd4 23. Qxd4 Qxd4 24. Rxd4 Rc7 $18) 22... Rxc6 23. Qxd4 Qxb3 (23... Qxd4 $142 24. Nxd4 Rc5) 24. Qd7+ $1 Kf7 {[%emt 0:00:17][%csl Gc6][%cal Rb3c2] [#]} 25. Qxc6 Qa2 (25... Qxa3 26. Rd7) 26. Qxb7 Rb8 27. Qf3+ (27. Qxb8 $2 {gets mated.} Bg5+ 28. f4 Bxf4+ 29. Rd2 Qa1#) (27. Qe4 $142 Kg8 28. Rd7 Qxb2+ 29. Kd2 Qxa3 30. Ke2) 27... Kg8 {[%emt 0:00:29] ( -> ...Bg5+)} 28. Rd7 $2 (28. Qe4 $18) 28... Bg5+ $11 (28... Rf8 $5 29. Qb3 $8 (29. Qe4 $2 Rxf2 30. Qa8+ Bf8 $19) 29... Bg5+ 30. Kd1 Qb1+ 31. Ke2 Qxh1 $11) 29. Kd1 Qb1+ 30. Ke2 {[%emt 0:00:09] Intending Qf7+ and mate.} Qxc2+ 31. Kf1 {[%emt 0:00:18] Qf7+ would kill now.} Rf8 {[%emt 0:00:38] Prevents Qf7+} 32. Qe2 Qc6 33. Qd3 $1 Qxh1+ 34. Ke2 Rf7 (34... Qxh2 $2 35. Qxh7#) 35. Rxf7 Kxf7 36. Qxh7+ Ke8 {[%emt 0:00:49] Threatens to win with ...Qd5.} 37. Qg8+ Ke7 {[%emt 0:00:44] Hoping for ...Qe4+.} 38. Qh7+ Ke8 39. Qg8+ Kd7 {[%emt 0:00:26] aiming for ...Qe4+.} 40. Qh7+ Kc6 {[%emt 0:00:57] And now ...Qd5 would win.} 41. Qd3 Qd5 {[%emt 0:10:28] White must now prevent ...Qxd3+.} 42. Qxa6+ Kd7 43. Qd3 {[%emt 0:10:40] Against} Kc6 {[%emt 0:02:55] [#]} (43... Bf4 $11) 44. Qc3+ ({White must play} 44. Qxd5+ $1 $16 Kxd5 45. a4) 44... Kb6 45. Qb4+ Kc7 46. Qc3+ Kb7 (46... Kb6 $11 {remains equal.}) 47. Qf3 $16 Kc6 {[%emt 0:01:00] [#]} 48. Qc3+ (48. a4 $1 $18) 48... Kb6 {[%emt 0:00:48] A brilliant game!   Weighted Error Value: White=0.49/Black=0.41} 1/2-1/2

[Event "DFMM-LV 2023"]
[Site "Braunfels"]
[Date "2023.06.10"]
[Round "4.13"]
[White "Ankerst, Milka"]
[Black "Gheng, Simona"]
[Result "0-1"]
[Annotator "TA"]
[ECO "B77"]
[WhiteElo "1923"]
[BlackElo "1918"]
[PlyCount "173"]
[EventDate "2023.06.09"]
[EventType "team-tourn"]
[EventCountry "GER"]
[SourceTitle "playchess.com"]
[Source "ChessBase"]
[SourceQuality "1"]
[TimeControl "40/5400+30:1800+30"]

1. e4 c5 2. Nf3 Nc6 3. d4 cxd4 4. Nxd4 d6 5. Nc3 g6 6. Bc4 Bg7 7. Be3 Nf6 8. f3 O-O 9. Qd2 a6 10. O-O-O Qc7 11. Bb3 Nxd4 12. Bxd4 Be6 13. Kb1 b5 {[%emt 0:01:19] [#]} 14. Be3 $146 {[%emt 0:04:03] B77: Sicilian Dragon: Yugoslav Attack, 9 Bc4 sidelines.} (14. h4 $16) ({Predecessor:} 14. h4 h5 15. g4 hxg4 16. h5 Bxb3 17. h6 Nxe4 18. fxe4 Bxd4 19. Qxd4 e5 20. Qf2 f5 21. axb3 f4 {0-1 Csontos,A (1938)-Goroshkov,M (2265) Nova Gorica HIT op 27th 2023 (6)}) 14... b4 $11 15. Ne2 (15. Na4 $5 ) 15... Bxb3 16. cxb3 {[%emt 0:00:33] The position is equal.} ({Of course not} 16. axb3 a5 17. c3 Rfb8 $17) 16... Rfc8 17. Rc1 Qb7 18. Rxc8+ Rxc8 19. Rc1 Rxc1+ 20. Nxc1 Nd7 21. Nd3 a5 22. Qc2 h5 23. Qc4 e6 24. a3 Ne5 (24... bxa3 $15 25. bxa3 d5 26. exd5 exd5) 25. Nxe5 $14 Bxe5 {[%emt 0:00:55][%mdl 4096] Endgame KQB-KQB} 26. h3 d5 27. exd5 exd5 28. Qd3 Bg7 29. Ka2 Qc6 30. Kb1 (30. Bd4 $11) 30... bxa3 $17 31. Bd4 (31. bxa3 $17 Qf6 32. Kc2) 31... Bxd4 $19 32. Qxd4 axb2 33. Kxb2 {[%emt 0:00:33] KQ-KQ} Qb5 34. Kc3 Kf8 (34... Qe2 $19 35. Qd2 Qxd2+ 36. Kxd2 Kg7) 35. g4 $15 hxg4 36. hxg4 Qc6+ 37. Kd2 f6 38. Qa7 Qb5 39. Kc3 (39. Qc7 $11) 39... Qb4+ 40. Kc2 d4 41. Qa8+ (41. Qc7 $15) 41... Kg7 $19 42. Qc6 {[%emt 0:00:53] [#] Prevents Qc3+} d3+ $1 43. Kxd3 $15 Qxb3+ 44. Ke4 (44. Ke2 $1 $15) 44... Qb4+ $17 45. Ke3 (45. Kd3 $17) 45... Qe1+ (45... a4 $19 {has better winning chances. aiming for ...a3.} 46. Qc7+ Kf8) 46. Kd3 Qe5 {[%emt 0:00:00] Wards off Qc7+} 47. Qa4 {[%emt 0:00:00] [#] Repels Qf4} (47. Qc4 $17) 47... Qd5+ (47... Kh6 $1 $19 {[%cal Rh6g5] ...Kg5 would be deadly.} 48. Qa2 Qf4) 48. Ke3 g5 (48... Qc5+ $17 49. Kd3 Qd5+ 50. Ke2 Kf8) 49. Ke2 (49. Kf2 $1 $11) 49... f5 (49... Kf7 $17 50. Kf2 Qd2+ 51. Kf1 Ke7) 50. gxf5 $11 Qxf5 51. Qc4 Kf6 52. Kf2 Qe5 53. Qa6+ Kg7 54. Kg2 Kf7 55. Kf2 Ke7 56. Qa7+ Kf6 57. Qa6+ Kg7 58. Kg2 Qc5 59. Qa8 Qc2+ 60. Kg3 a4 61. Qa7+ Kg6 62. Qe7 Qc6 (62... Qc4 {is interesting.} 63. Qe8+ Kf5 64. Qd7+ Ke5) 63. Qb4 Qd7 64. Qc5 Kh5 65. Qc1 (65. Qf8 $11) 65... Qd6+ $15 66. Kg2 a3 $1 67. Qh1+ (67. Qc2 $15) 67... Kg6 $17 {[%emt 0:00:08] Black is more active.} 68. Qb1+ Kf6 {[%emt 0:01:25] Threatens to win with ...Qd2+.} 69. Qa1+ Kf7 70. Qa2+ Kf8 71. Qc2 Qe7 ({Don't blunder} 71... Qd5 $2 72. Qc8+ Ke7 73. Qc7+ Ke6 74. Qc8+ Kf7 75. Qc7+ Kg6 76. Qb6+ Kf5 77. Qb1+ Ke6 78. Qb6+ Kf5 79. Qb1+ Ke6 80. Qb6+ Kf5 $19) (71... Ke8 $17 {[%cal Og5g4] And now ...g4! would win.} 72. Qe4+ Kf8 73. Qf5+ Kg7) 72. Qc8+ Kg7 73. Qc3+ Kg6 {[%emt 0:00:26] ( -> ...Qe2+)} 74. Qc2+ Kh6 75. Qa2 {[%emt 0:01:11] Prevents Qe6} Kh5 76. Qc2 ({White should try} 76. Qg8 $15) 76... Qg7 ({Black should play} 76... Qf7 $19 {...a2 is the strong threat.} 77. Qe4 a2) 77. Kg3 $2 {[%emt 0:03:31][%mdl 8192] [#]} (77. Qf5 $15) 77... Qe5+ $1 $19 78. Kh3 Qe6+ 79. Kg3 Kh6 ({And not} 79... a2 80. Qh7+ Qh6 81. Qf7+ Qg6 82. Qxa2 Qd6+ 83. Kg2 $11) 80. Qh2+ Kg7 {[%emt 0:00:04] Black mates.} 81. Qc2 a2 82. Qc3+ Kg6 83. Qc2+ Kf6 84. Qc1 Qe5+ 85. Kg2 a1=Q 86. Qc6+ Qe6 87. Qc7 {[%emt 0:02:28] Weighted Error Value: White=0.29 (precise) /Black=0.29 (precise) .  Loses game:     	White=1     	---        Missed win:     	---       	---        Mistake:       	White=11    	Black=9      Inaccurate:     	White=6     	Black=4      OK:         	White=21    	Black=17     Best:        	White=5     	Black=4      Strong:       	---       	Black=2      Brilliant:      	---       	---} 0-1

[Event "DFMM-LV 2023"]
[Site "Braunfels"]
[Date "2023.06.10"]
[Round "4.14"]
[White "Heil, Marina"]
[Black "Spiel, Marianne"]
[Result "1-0"]
[Annotator "NA RC COMBH"]
[ECO "C02"]
[WhiteElo "1866"]
[BlackElo "1840"]
[PlyCount "113"]
[EventDate "2023.06.09"]
[EventType "team-tourn"]
[EventCountry "GER"]
[SourceTitle "playchess.com"]
[Source "ChessBase"]
[SourceQuality "1"]
[TimeControl "40/5400+30:1800+30"]

1. e4 e6 2. d4 d5 3. e5 c5 4. c3 Bd7 5. Nf3 Nc6 6. Bd3 Qb6 7. O-O cxd4 8. Re1 dxc3 9. Nxc3 Nge7 10. h4 a6 11. h5 g6 12. Ng5 Bg7 13. Na4 Qc7 14. f4 O-O 15. hxg6 fxg6 16. g3 Nb4 17. Bb1 Rac8 18. Nc3 Nbc6 19. Kg2 Nd8 20. Rh1 Bc6 21. Bd2 h6 22. Nf3 Nf7 23. Nd4 Bd7 24. Bd3 Nf5 25. Nxf5 gxf5 26. Ne2 Qb6 27. Bc3 Bb5 28. Nd4 Bxd3 29. Qxd3 Rc4 30. a4 a5 31. Ra3 Rfc8 32. Rha1 Qa6 33. Rb3 Nd8 34. Nb5 Nf7 35. Nd4 Nd8 36. Rb5 b6 37. Rb3 Qa7 38. Nb5 Qd7 39. Nd6 R4c6 40. Nxc8 Qxc8 41. Qe3 Qc7 42. Bd4 Rc2+ 43. Kg1 Qf7 44. Qd3 Rc4 45. Rxb6 Nc6 46. Bc3 Bf8 47. Rb5 Qg6 48. Kf1 Qg4 49. Ke1 Nb4 50. Bxb4 Bxb4+ 51. Kf2 Qh3 52. Kf3 Qg4+ 53. Kg2 Re4 54. Rf1 Qh5 55. Rf2 Be1 56. Rc2 d4 57. Rb8+ 1-0

[Event "DFMM-LV 2023"]
[Site "Braunfels"]
[Date "2023.06.10"]
[Round "4.15"]
[White "Braeuer, Vanessa"]
[Black "Roesler, Hannah Clara"]
[Result "1-0"]
[Annotator "NA RC COMBH"]
[ECO "B27"]
[WhiteElo "1819"]
[BlackElo "1748"]
[PlyCount "79"]
[EventDate "2023.06.09"]
[EventType "team-tourn"]
[EventCountry "GER"]
[SourceTitle "playchess.com"]
[Source "ChessBase"]
[SourceQuality "1"]
[TimeControl "40/5400+30:1800+30"]

1. e4 c5 2. Nf3 g6 3. Nc3 Bg7 4. h4 h5 5. Bc4 Nc6 6. d3 Nf6 7. Bg5 a6 8. a4 d6 9. Qd2 O-O 10. Bh6 Be6 11. Bxe6 fxe6 12. Qg5 Qe8 13. Bxg7 Kxg7 14. Nh2 Nd4 15. Rc1 Qf7 16. Nd1 d5 17. f3 Rac8 18. Qe5 Nc6 19. Qg3 Nb4 20. O-O d4 21. f4 c4 22. Nf2 c3 23. bxc3 Rxc3 24. Nf3 Rd8 25. Ng5 Qg8 26. f5 exf5 27. exf5 Rdc8 28. Nge4 Rxc2 29. Nxf6 exf6 30. Rxc2 Rxc2 31. Qxg6+ Kh8 32. Qh6+ Qh7 33. Qxf6+ Qg7 34. Qd8+ Kh7 35. f6 Qg6 36. Qxd4 Nc6 37. Qe4 b5 38. f7 Qxe4 39. Nxe4 bxa4 40. f8=Q 1-0

[Event "DFMM-LV 2023"]
[Site "Braunfels"]
[Date "2023.06.10"]
[Round "4.16"]
[White "Sokyrko, Sofiia"]
[Black "Albayrak, Aylin"]
[Result "1/2-1/2"]
[Annotator "NA RC COMBH"]
[ECO "B21"]
[WhiteElo "1503"]
[BlackElo "1690"]
[PlyCount "160"]
[EventDate "2023.06.09"]
[EventType "team-tourn"]
[EventCountry "GER"]
[SourceTitle "playchess.com"]
[Source "ChessBase"]
[SourceQuality "1"]
[TimeControl "40/5400+30:1800+30"]

1. e4 c5 2. d4 cxd4 3. c3 dxc3 4. Nxc3 Nc6 5. Nf3 e6 6. Bc4 Bb4 7. Bd2 Nf6 8. Qe2 O-O 9. O-O Qc7 10. Nb5 Qa5 11. Bg5 Ne8 12. a3 Be7 13. b4 Qd8 14. Be3 a6 15. Nbd4 b5 16. Bb3 Bb7 17. Bc2 Rc8 18. Nxc6 Rxc6 19. Nd4 Rc3 20. Bd2 Rc4 21. Be3 Bf6 22. Rfd1 Nd6 23. Bb3 Rc8 24. f3 Rc3 25. Rab1 Qb8 26. Bf2 Rfc8 27. e5 Be7 28. exd6 Bxd6 29. g3 Be5 30. Rd3 Bf6 31. Qd2 Bg5 32. f4 Rxd3 33. Qxd3 Bf6 34. Bc2 g6 35. Nb3 Rc3 36. Qd2 Qc7 37. Nc5 d5 38. Rc1 Rxa3 39. Bd4 Bxd4+ 40. Qxd4 Ba8 41. Qb2 Re3 42. Kf2 d4 43. Bd1 Qc6 44. Qxd4 Ra3 45. Qd8+ Kg7 46. Nxe6+ Qxe6 47. Rc8 Qe3+ 48. Kf1 Qd3+ 49. Qxd3 Rxd3 50. Be2 Be4 51. Bxd3 Bxd3+ 52. Kf2 Bc4 53. Ra8 Kh6 54. Rxa6 Kh5 55. h3 h6 56. Rc6 Bd3 57. Rc5+ f5 58. g4+ Kh4 59. gxf5 gxf5 60. Ke3 Be4 61. Rxb5 Kxh3 62. Re5 Kg3 63. Rxe4 fxe4 64. Kxe4 h5 65. f5 h4 66. f6 h3 67. f7 h2 68. f8=Q h1=Q+ 69. Ke5 Qe1+ 70. Kf6 Qc3+ 71. Kf7 Qc4+ 72. Kg7 Qd4+ 73. Kg8 Qc4+ 74. Kh8 Qh4+ 75. Kg8 Qc4+ 76. Qf7 Qxb4 77. Qc7+ Qf4 78. Qc2 Qg4+ 79. Kh8 Qh4+ 80. Qh7 Qxh7+ 1/2-1/2